 Dungeon Crawl Stone Soup version 0.29-a0-923-g6e406bff71 (webtiles) character file.

Game seed: 10384200039778091720

102 porpoise the Poker (level 4, -4/35 HPs)
             Began as a Merfolk Gladiator on July 28, 2022.
             Killed by nerve-wracking pain
             ... invoked by Grinder
              (14 damage)
             ... on level 3 of the Dungeon.
             The game lasted 00:08:05 (2576 turns).

porpoise the Poker (Merfolk Gladiator)              Turns: 2576, Time: 00:08:06

Health: -4/35      AC:  6    Str: 16    XL:     4   Next: 78%
Magic:  4/4        EV: 12    Int:  7    God:
Gold:   86         SH:  0    Dex: 15    Spells: 3/3 levels left

rFire   . . .      SeeInvis .   a - +0 trident
rCold   . . .      Faith    .   (no shield)
rNeg    . . .      Spirit   .   n - +0 ring mail
rPois   .          Reflect  .   c - +0 helmet
rElec   .          Harm     .   (no cloak)
rCorr   .          Rampage  .   (no gloves)
Will    .....                   (no boots)
Stlth   +.........              (no amulet)
HPRegen 0.11/turn               (no ring)
MPRegen 0.09/turn               (no ring)

@: no status effects
A: (nimble swimmer 2), mertail
a: no special abilities


You were on level 3 of the Dungeon.
You visited 1 branch of the dungeon, and saw 3 of its levels.

You collected 86 gold pieces.

Inventory:

Hand Weapons
 a - a +0 trident (weapon)
 b - a +1 vorpal sling
Missiles
 d - 3 throwing nets (quivered)
 e - a javelin
 j - 6 boomerangs of dispersal
Armour
 c - a +0 helmet (worn)
 l - an orb of wrath
 n - a +0 ring mail (worn)
Jewellery
 m - an amulet of magic regeneration
 p - a ring of magical power
Scrolls
 i - a scroll of identify {unknown}
 o - a scroll of noise {unknown}
Potions
 f - a potion of invisibility {unknown}
 g - a potion of brilliance {unknown}
 h - 2 potions of degeneration {unknown}
 k - 2 potions of curing {unknown}


   Skills:
 + Level 3.4 Fighting
 * Level 6.2 Polearms
 - Level 2.0 Throwing
 - Level 4.0 Dodging


You had 3 spell levels left.
You didn't know any spells.
Your spell library contained the following spells:

 Spells                   Type           Power      Damage    Failure   Level
 Apportation              Tloc           0%         N/A       65%         1
 Necrotise                Necr           0%         1d4       65%         1
 Summon Small Mammal      Summ           0%         N/A       65%         1
 Call Canine Familiar     Summ           0%         N/A       95%         3
 Ozocubu's Armour         Ice            0%         N/A       95%         3
 Portal Projectile        Hex/Tloc       0%         N/A       95%         3
 Leda's Liquefaction      Hex/Erth       0%         N/A       100%        4
 Ozocubu's Refrigeration  Ice            0%         4d5       100%        7


Dungeon Overview and Level Annotations

Branches:
Dungeon (3/15)

Altars:
Makhleb

Shops:
D:2 :

Annotations:
D:3 Grinder


Innate Abilities, Weirdness & Mutations

((You are very nimble when in or above water. (Stealth+, EV+, Speed+++)))
Your lower body shifts to a powerful aquatic tail in water.


Message History

Grinder comes into view.
Grinder shouts!
Grinder blinks!
Found a scroll labelled UZXISSE INEDD and a lumpy amethyst potion.
You close the door.
You start waiting.
Grinder opens the door.
You reach to attack!
You barely miss Grinder. You hit Grinder but do no damage.
Grinder gestures at you. You resist with significant effort.
You closely miss Grinder.
Grinder blinks!
Grinder blinks!
There is an open door here.
You reach to attack!
You puncture Grinder!
Grinder is moderately wounded.
You hit Grinder but do no damage.
Grinder is moderately wounded.
Grinder hits you.
You writhe in agony.
You barely miss Grinder.
Grinder is moderately wounded.
Grinder closely misses you.
You closely miss Grinder.
Grinder is moderately wounded.
Grinder hits you.
You writhe in agony.
You hit Grinder but do no damage.
Grinder is moderately wounded.
Grinder hits you.
You writhe in agony.
You are too injured to fight recklessly!
You are too injured to fight recklessly!
You are too injured to fight recklessly!
You barely miss Grinder.
Grinder is moderately wounded.
Grinder hits you.
You writhe in agony.
* * * LOW HITPOINT WARNING * * *
You hit Grinder.
Grinder is moderately wounded.
Grinder gestures at you. Pain shoots through your body!
You die...

####### ....... .......
### ....... #.. .......
... ....... #.#
......5######.#
.......@....#.#
..!..?.####.#.# ##+####
#.#.# #######'#.# ##
#.........#########.
#...................
#.##...<...........[...
#.#...........).......#
#.#...................#


You could see Grinder.

Vanquished Creatures
  A hound (D:3)
  An adder (D:2)
  5 orcs (D:3)
  3 ball pythons
  7 bats
  8 endoplasms
  6 giant cockroaches
  2 goblins
  2 hobgoblins
  2 jackals (D:1)
  2 kobolds
  A quokka (D:2)
  7 frilled lizards
  7 rats
54 creatures vanquished.

Notes
Turn   | Place    | Note
-------+----------+-------------------------------------------
     0 | D:1      | porpoise the Merfolk Gladiator began the quest for the Orb.
     0 | D:1      | Reached XP level 1. HP: 16/16 MP: 1/1
   161 | D:1      | Reached XP level 2. HP: 4/23 MP: 2/2
   815 | D:1      | Reached skill level 5 in Polearms
   851 | D:1      | Reached XP level 3. HP: 28/28 MP: 3/3
  1491 | D:2      | Found Feosmem's Book Emporium.
  1608 | D:2      | Found a faded altar of an unknown god.
  1770 | D:2      | Found a burning altar of Makhleb.
  2117 | D:3      | Reached XP level 4. HP: 35/35 MP: 4/4
  2373 | D:3      | Reached skill level 6 in Polearms
  2561 | D:3      | Noticed Grinder
  2576 | D:3      | Killed from afar by Grinder

Illustrated notes

Levels and vault maps discovered:
D:1:      heliophobic_arrival_glass_houses, layout_basic
D:2:      layout_loops_ring, basic_altar, hellmonk_ecumenical_altar_arch_garden,
          serial_shops, shop_statue, grunt_ministairs_8,
          chequers_hall_statues_wall_a
D:3:      layout_basic, uniq_grinder

Skill      XL: |  1  2  3  4 |
---------------+-------------+-----
Polearms       | 5 6 |  6.2
Fighting       | 3 |  3.4
Throwing       | |  2.0
Dodging        | |  4.0

Action                   |  1- 3 |  4- 6 || total
-------------------------+-------+-------++-------
Melee: Trident           |   132 |    54 ||   186
       Punch             |     1 |       ||     1
 Fire: Sling             |     8 |     1 ||     9
 Stab: Sleeping          |     3 |       ||     3
Armor: Leather armour    |    33 |       ||    33
       Ring mail         |       |    10 ||    10
Dodge: Dodged            |    73 |    14 ||    87

Table legend: (Time is in decaauts)
 A = Elapsed time spent in this place.
 B = Non-inter-level travel time spent in this place.
 C = Inter-level travel time spent in this place.
 D = Time resting spent in this place.
 E = Time spent auto-exploring this place.
 F = Levels seen in this place.
 G = Mean time per level.
                   A        B        C        D        E       F      G
               +--------+--------+--------+--------+--------+-----+--------+
         Total |   2564 |   2516 |     48 |    451 |   1643 |   3 |  854.7 |
       Dungeon |   2564 |   2516 |     48 |    451 |   1643 |   3 |  854.7 |
               +--------+--------+--------+--------+--------+-----+--------+

Top non-repeatable levels by time:
     D:1: 1399 daAuts
     D:2: 702 daAuts
     D:3: 461 daAuts
